 Dungeon Crawl Stone Soup version 0.30.1-11-g7821555f0a (webtiles) character file.

Game seed: 41932567373875943

3028 Woods the Ruffian (level 9, -4/81 HPs)
             Began as a Naga Transmuter on Nov 4, 2023.
             Was a Follower of Cheibriados.
             Slain by Gastronok (33 damage)
             ... on level 8 of the Dungeon.
             The game lasted 00:28:13 (9042 turns).

Woods the Ruffian (Naga Transmuter)                 Turns: 9042, Time: 00:28:14

Health: -4/81      AC:  2    Str: 16    XL:     9   Next: 86%
Magic:  16/17      EV: 22    Int: 21    God:    Cheibriados [*.....]
Gold:   356        SH:  0    Dex: 19    Spells: 4/18 levels left

rFire   . .          .
                       - Unarmed
rCold   . . .        (shield currently unavailable)
rNeg    . . .        a - melded +0 robe
rPois   x            I - melded +0 helmet
rElec   .            u - melded scarf {rC+ rF+}
rCorr   .            (gloves currently unavailable)
SInv    +            (no barding)
Will    +....        (no amulet)
Stlth   +++          (no ring)
HPRegen 0.33/turn    (no ring)
MPRegen 0.15/turn

%: no passive effects
@: spider-form, very slow
A: venomous fangs, AC +3, tiny, see invisible, (deformed body), (poison
resistance), (slowness 2), spit poison 1, (naga tail 1)
a: Spit Poison, End Transformation, Renounce Religion, Bend Time


You were on level 8 of the Dungeon.
You worshipped Cheibriados.
Cheibriados was aware of your devotion.
You were a venomous arachnid creature.
You visited 2 branches of the dungeon, and saw 11 of its levels.
You also visited: Sewer.

You collected 356 gold pieces.

Inventory:

Armour
 a - a +0 robe (melded)
 m - a +0 hat
 u - a scarf of resistance (melded)
 H - +0 swamp dragon scales
 I - a +0 helmet (melded)
Magical Staves
 n - a staff of fire
Wands
 r - a wand of polymorph (10)
 v - a wand of digging (4)
 y - a wand of iceblast (7)
Scrolls
 c - 4 scrolls of teleportation
 d - a scroll of poison
 e - 2 scrolls of enchant armour
 f - a scroll of butterflies {unknown}
 h - a scroll of brand weapon
 i - a scroll of silence {unknown}
 s - 2 scrolls of amnesia
 t - a scroll of blinking {unknown}
 x - a scroll of noise {unknown}
 A - 2 scrolls of magic mapping {unknown}
 B - a scroll of enchant weapon {unknown}
 C - 3 scrolls of fog
 D - a scroll of fear {unknown}
 E - a scroll of identify
 F - a scroll of vulnerability {unknown}
Potions
 b - a potion of lignification
 g - a potion of resistance {unknown}
 j - 3 potions of flight
 k - a potion of invisibility {unknown}
 l - 2 potions of brilliance
 o - a potion of haste {unknown}
 p - a potion of berserk rage {unknown}
 q - 3 potions of mutation {unknown}
 w - 3 potions of curing
 z - 2 potions of magic
 G - a potion of attraction {unknown}


   Skills:
 + Level 5.5 Fighting
 + Level 4.8 Dodging
 - Level 5.0 Stealth
 - Level 7.0 Unarmed Combat
 + Level 5.4 Spellcasting
 + Level 5.9 Transmutations
 - Level 2.0 Poison Magic


You had 4 spell levels left.
You knew the following spells:

 Your Spells              Type           Power      Damage    Failure   Level
a - Beastly Appendage     Tmut           60%        N/A       4%          1
b - Wereblood             Tmut           30%        N/A       6%          2
c - Spider Form           Tmut/Pois      22%        N/A       17%         3
d - Ice Form              Ice/Tmut       18%        N/A       52%         4
e - Airstrike             Air            2%         2d(1-17)  87%         4

Your spell library contained the following spells:

 Spells                   Type           Power      Damage    Failure   Level
 Shock                    Conj/Air       20%        1d4       26%         1
 Poisonous Vapours        Pois/Air       18%        N/A       26%         2
 Mephitic Cloud           Conj/Pois/Air  8%         N/A       45%         3
 Swiftness                Air            5%         N/A       52%         3
 Olgreb's Toxic Radiance  Pois           14%        N/A       63%         4
 Freezing Cloud           Conj/Ice/Air   2%         6-21      99%         5
 Discord                  Hex            2%         N/A       100%        8
 Ignition                 Fire           2%         3d3       100%        8
 Chain Lightning          Conj/Air       2%         3d3       100%        9
 Fire Storm               Conj/Fire      2%         8d1       100%        9
 Shatter                  Erth           2%         3d6*      100%        9


Dungeon Overview and Level Annotations

Branches:
Dungeon (10/15)            Temple (1/1) D:7           Sewer (visited)
   Lair: D:8-11         Orc: D:9-12

Altars:
Cheibriados
Hepliaklqana
Uskayaw
Wu Jian

Shops:
D:1 ?   D:9 (=*

Annotations:
D:4 Menkaure
D:5 1 runed translucent door, kaesle's ghost, novice HOFi
D:8 Gastronok


Innate Abilities, Weirdness & Mutations

You are a venomous arachnid creature.
You have venomous fangs.
You are tiny and dextrous.
Your spellcasting is less reliable in this form.
Your armour is entirely melded.
You are incapable of wielding weapons or throwing items.
((Your serpentine skin is tough. (AC +3)))
You have supernaturally acute eyesight. (SInv)
((Armour fits poorly on your strangely shaped body.))
((Your system is resistant to poisons. (rPois)))
((You cover ground very slowly.))
You can spit poison.
((You have a snake-like lower body.))


Message History

Magic restored.
You start resting.
HP restored.
Casting: Spider Form (dangerous; 6% risk of failure)
Confirm with . or Enter, or press ? or * to list all spells.
You turn into a venomous arachnid creature.
Your scarf of resistance melds into your body.
Your +0 helmet melds into your body.
Your +0 robe melds into your body.
You feel hot and cold all over.
Unknown command.
You climb downwards.
Level annotation: Gastronok
There is a stone staircase leading up here.
Unknown command.
You hit Gastronok.
Gastronok is lightly wounded.
Gastronok waves his eye-stalks in wide circles.
The air twists around and strikes you!!!
You bite Gastronok!
Gastronok is lightly wounded.
You hit Gastronok but do no damage.
Gastronok is poisoned.
Gastronok is lightly wounded.
You bite Gastronok!
Gastronok looks as sick as possible!
Gastronok is lightly wounded.
Gastronok barely misses you.
You hit Gastronok but do no damage.
Gastronok is lightly wounded.
You bite Gastronok!
Gastronok looks as sick as possible!
Gastronok is moderately wounded.
Gastronok bites you!
You hit Gastronok but do no damage.
Gastronok looks as sick as possible!
Gastronok is moderately wounded.
You bite Gastronok!
Gastronok looks as sick as possible!
Gastronok is heavily wounded.
Gastronok misses you.
You hit Gastronok but do no damage.
Gastronok is heavily wounded.
You hit Gastronok but do no damage.
Gastronok is heavily wounded.
Gastronok bites you!!
You die...

........... ............
........... ..........#
..........###
............##
#..........###
#....w.....?.#
#....s.......#
############............#
..........##............#
..........##....<......##
########...##.........##
# #...##.........# #
##....#.......##
#...........##
##...##....##


You could see Gastronok (extremely poisoned).

Vanquished Creatures
  Maggie (D:7)
  4 water moccasins
  A sky beast (D:7)
  An orc warrior (D:7)
  2 black bears
  Pargi (Sewer)
  An ogre (D:6)
  A centaur (D:9)
  3 bullfrogs
  A gnoll sergeant (D:6)
  3 scorpions
  10 killer bees
  8 howler monkeys
  A hound (D:5)
  A gnoll bouda (D:6)
  An iguana (D:6)
  4 orc wizards
  13 gnolls
  10 adders
  2 shadow imps (D:7)
  A white imp (D:7)
  An ufetubus (D:7)
  A worm (D:3)
  8 dart slugs
  12 orcs
  9 endoplasms
  8 giant cockroaches
  7 goblins
  2 hobgoblins
  10 jackals
  10 kobolds
  4 quokkas
  9 ball pythons
  3 bats
  9 frilled lizards
  6 rats
169 creatures vanquished.

Notes
Turn   | Place    | Note
-------+----------+-------------------------------------------
     0 | D:1      | Woods the Naga Transmuter began the quest for the Orb.
     0 | D:1      | Reached XP level 1. HP: 18/18 MP: 3/3
   141 | D:1      | Reached skill level 1 in Stealth
   163 | D:1      | Reached XP level 2. HP: 10/25 MP: 5/5
   463 | D:1      | Found The Oracle's Delphic Readings.
   565 | D:1      | Reached XP level 3. HP: 26/31 MP: 4/6
   753 | D:1      | Learned a level 2 spell: Wereblood
  1244 | D:2      | Reached XP level 4. HP: 31/38 MP: 7/7
  1752 | D:2      | Found a faded altar of an unknown god.
  2329 | D:3      | Noticed a +0 dagger
  2329 | D:3      | Noticed a +0 dagger
  2329 | D:3      | Noticed a +0 spear
  2329 | D:3      | Noticed a +0 spear
  2330 | D:3      | Noticed a +0 short sword
  2330 | D:3      | Noticed a +0 falchion
  2330 | D:3      | Noticed a +0 falchion
  2330 | D:3      | Noticed a +0 short sword
  2379 | D:3      | Reached XP level 5. HP: 33/44 MP: 8/8
  2742 | D:3      | Reached skill level 4 in Unarmed Combat
  2856 | D:3      | Found a hide-covered altar of Uskayaw.
  3073 | D:4      | Noticed Menkaure
  3328 | D:4      | Reached XP level 6. HP: 42/52 MP: 8/10
  3561 | D:4      | Reached skill level 5 in Stealth
  3830 | D:4      | Noticed an ice beast
  3960 | D:5      | Entered Level 5 of the Dungeon
  4016 | D:5      | Noticed a water moccasin
  4035 | D:5      | Killed a water moccasin
  4036 | D:5      | Reached XP level 7. HP: 53/61 MP: 11/11
  4190 | D:5      | Reached skill level 5 in Unarmed Combat
  4513 | D:5      | Learned a level 3 spell: Spider Form
  4594 | D:5      | Found an ornate altar of the Wu Jian Council.
  4902 | D:5      | Found a runed translucent door.
  4902 | D:5      | Noticed kaesle's ghost (novice HOFi)
  5136 | D:6      | Reached skill level 1 in Poison Magic
  5199 | D:6      | Found a glowing drain.
  5223 | Sewer    | Entered a sewer
  5293 | Sewer    | Noticed Pargi
  5308 | Sewer    | Killed Pargi
  5309 | Sewer    | Reached XP level 8. HP: 57/69 MP: 10/13
  5540 | D:6      | Reached skill level 6 in Unarmed Combat
  6336 | D:6      | Found a snail-covered altar of Cheibriados.
  6410 | D:6      | Found a hazy altar of Hepliaklqana.
  6413 | D:6      | Became a worshipper of Cheibriados the Contemplative
  6576 | D:6      | Learned a level 4 spell: Ice Form
  6581 | D:6      | Learned a level 4 spell: Airstrike
  6809 | D:7      | Reached skill level 7 in Unarmed Combat
  6809 | D:7      | Reached XP level 9. HP: 47/78 MP: 13/15
  6893 | D:7      | Found a staircase to the Ecumenical Temple.
  6954 | D:7      | Noticed Maggie
  6966 | D:7      | Killed Maggie
  6967 | D:7      | Reached skill level 5 in Transmutations
  7272 | D:7      | You fall into a shaft and drop 3 floors!
  7272 | D:10     | Entered Level 10 of the Dungeon
  7435 | D:9      | Found Nungof's General Store.
  7436 | D:9      | Noticed a kobold demonologist
  7463 | D:9      | Noticed an ice devil
  7463 | D:9      | Noticed an ice devil
  7464 | D:9      | Noticed an ice devil
  7466 | D:9      | Found Ishruaxt's Jewellery Emporium.
  7470 | D:9      | Noticed an ice devil
  7624 | D:9      | Reached skill level 5 in Fighting
  7626 | D:9      | Reached * piety under Cheibriados
  7627 | D:9      | Reached skill level 5 in Spellcasting
  7657 | D:9      | Found Qooqacai's Weapon Emporium.
  7693 | D:9      | Identified the orb "Eckie" {mayhem, rF+ rCorr}
  7873 | D:9      | Noticed an ice devil
  7920 | D:8      | Noticed Gastronok
  8325 | Temple   | Entered the Ecumenical Temple
  9042 | D:8      | Slain by Gastronok

Illustrated notes

Levels and vault maps discovered:
D:1:      tarquinn_simple_flora_water_b, layout_rooms, serial_bayou,
          serial_bayou_pond_e, serial_bayou_pond_a, serial_bayou_shore_a,
          serial_bayou_pond_c, serial_bayou_pond_c, serial_bayou_pond_d,
          nicolae_nh_oracle_at_delphi
D:2:      kennysheep_big_flooded_room, layout_loops_ring,
          dreamdust_ecumenical_altar_grove, hangedman_decor_opposing,
          minmay_misc_feat_tiny
D:3:      layout_loops_ring, nicolae_uskayaw_en_pointe
D:4:      layout_gridville, serial_bayou, serial_bayou_lagoon_a,
          serial_bayou_lake_a, serial_bayou_shore_b, serial_bayou_shore_b,
          hangedman_decor_push, nrook_mini_backslash, uniq_menkaure, uniq_pikel,
          uniq_sigmund
D:5:      layout_basic, marbit_many_paths, gammafunk_ghost_grave
D:6:      layout_loops_corners, mainiacjoe_overflow_divided_tiny,
          portal_sewer_entry_f, st_stairs_13
D:7:      layout_basic, temple_hall, uniq_maggie
D:8:      layout_cave_pods, nicolae_two_hexagons, uniq_prince_ribbit1,
          uniq_gastronok
D:9:      cheibrodos_frozen_isle, layout_cave_pods, serial_shops, shop, shop,
          nicolae_stop_n_shop_1, nicolae_shop_window_shopping,
          nicolae_shop_gaudy_bauble, minmay_strange_pillars,
          nicolae_eternal_life, minmay_misc_feat_diagonals, minivault_1,
          kennysheep_generic_room_15
D:10:     layout_loops_cross, mainiacjoe_overflow_large_starburst
Temple:   minmay_temple_bridge_d

Skill      XL: |  1  2  3  4  5  6  7  8  9 |
---------------+----------------------------+-----
Stealth        | 1 2 3 4 5 |  5.0
Dodging        | 2 3 4 |  4.8
Unarmed Combat | 4 5 7 |  7.0
Fighting       | 2 3 4 5 |  5.5
Transmutations | 3 4 5 |  5.9
Spellcasting   | 3 4 5 |  5.4
Poison Magic   | 1 2 |  2.0

Action                     |  1- 3 |  4- 6 |  7- 9 || total
---------------------------+-------+-------+-------++-------
  Melee: Unarmed           |    92 |   133 |   316 ||   541
         Headbutt          |    12 |    22 |     8 ||    42
         Punch             |     1 |     1 |     8 ||    10
   Cast: Beastly Appendage |    21 |    41 |    23 ||    85
         Spider Form       |       |       |    25 ||    25
         Wereblood         |       |       |     1 ||     1
Ability: Spit Poison       |     9 |    36 |    20 ||    65
         End Transformatio |       |       |     3 ||     3
    Use: Potion            |       |     1 |       ||     1
         Scroll            |       |       |    12 ||    12
   Stab: Sleeping          |     1 |     3 |     1 ||     5
 Armour: Robe              |    13 |    14 |    25 ||    52
         Skin              |       |     8 |    13 ||    21
  Dodge: Dodged            |    44 |    49 |   316 ||   409
